AoeStats
← Gorlami

Black Forest

504868781Analyzed
4v4 RM · 24d ago on Sep 6, 2026· 31m 48s· 8 players
Game mode
Random Map
Map size
Large (8 player)
Population
200
Speed
Normal
Resources
Standard
Victory
Conquest
Starting age
Dark Age
Ending age
Imperial Age
RankedLock teamsTeams togetherTeam positionsShared explorationLock speedFull tech treeHidden civsTurbo modeCheats
Victory
Defeat
🇵🇪 Vietnamese · Peru
1717
+17
🇦🇷 Bulgarians · Argentina
1713
+17
🇨🇱 Chinese · Chile
1635
+20
🇨🇭 Italians · Switzerland
1626
+20
🇦🇷 Khitans · Argentina
1788
-21
🇦🇷 Tatars · Argentina
1748
-19
🇦🇷 Koreans · Argentina
1693
-17
🇦🇷 Burgundians · Argentina
1690
-17
MUERE CACA
0:56 Loom
8:38 Double-Bit Axe
12:25 Feudal Age
13:47 Bow Saw
13:59 Town Watch
14:55 Horse Collar
19:51 Castle Age
18:22 Stone Mining
19:19 Gold Mining
26:06 Imperial Age
27:55 Chemistry
MiMo
3:45 Loom
19:40 Feudal Age
31:51 Castle Age
RománMás3
12:29 Feudal Age
13:40 Double-Bit Axe
16:02 Castle Age
16:33 Fishing Lines
17:19 Bow Saw
17:31 Loom
19:20 Fletching
20:30 Bodkin Arrow
24:51 Devotion
26:50 Gold Mining
26:50 Stone Mining
28:01 Wheelbarrow
27:12 Horse Collar
28:27 Heavy Plow
28:51 Stone Mining
33:35 Imperial Age
31:34 Scale Mail Armor
31:44 Forging
32:28 Hand Cart
Gorlami
7:05 Loom
12:08 Feudal Age
15:44 Castle Age
13:45 Double-Bit Axe
13:42 Domestication
18:18 Fishing Lines
19:55 Bow Saw
20:24 Wheelbarrow
20:11 Pastoralism
22:10 Gillnets
23:23 Coinage
24:35 Hand Cart
24:13 Gold Mining
24:20 Stone Mining
25:43 Forging
26:38 Scale Mail Armor
26:48 Forging
31:37 Imperial Age
31:33 Husbandry
31:41 Scale Barding Armor
32:11 Iron Casting
31:41 Elite Steppe Lancer
Ancalagon14
0:28 Loom
27:41 Feudal Age
28:32 Double-Bit Axe
28:30 Horse Collar
31:28 Castle Age
30:14 Gold Mining
31:39 Wheelbarrow
32:25 Bow Saw
noru
11:33 Feudal Age
11:38 Loom
12:39 Double-Bit Axe
15:25 Castle Age
15:11 Horse Collar
15:23 Gold Mining
16:32 Bow Saw
27:13 Stone Mining
28:01 Wheelbarrow
27:49 Fletching
28:35 Heavy Plow
30:05 Hand Cart
34:50 Imperial Age
Igris
10:18 Feudal Age
11:41 Double-Bit Axe
11:37 Horse Collar
14:06 Castle Age
15:03 Bow Saw
15:13 Heavy Plow
22:00 Wheelbarrow
21:16 Gold Mining
23:07 Hand Cart
27:10 Imperial Age
24:26 Loom
24:54 Scale Mail Armor
25:35 Chain Mail Armor
25:30 Forging
25:43 Squires
25:29 Arson
27:09 Iron Casting
27:21 Fletching
27:14 Onager
28:44 Plate Mail Armor
30:00 Blast Furnace
30:01 Conscription
31:07 Capped Ram
32:18 Bodkin Arrow
atamispeed754
0:46 Loom
15:20 Feudal Age
19:49 Castle Age
18:04 Double-Bit Axe
18:49 Stone Mining
21:04 Fletching
30:14 Scale Mail Armor
31:40 Bodkin Arrow
32:06 Bow Saw
Connection lost

Rejoining the realm…

Still unreachable

The connection could not be restored.

Session expired

The server has moved on; the page needs a fresh start.